 Dungeon Crawl Stone Soup version 0.18.1-1-g2f07953 (webtiles) character file.

156 magipi the Chopper (level 5, 0/41 HPs)
             Began as a Ghoul Gladiator on May 6, 2016.
             Killed from afar by an orc wizard (5 damage)
             ... with a puff of flame
             ... on level 3 of the Dungeon.
             The game lasted 00:09:32 (1279 turns).

magipi the Chopper (Ghoul Gladiator)                Turns: 1279, Time: 00:09:33

Health: 0/41       AC: 12    Str: 19    XL:     5   Next: 38%
Magic:  4/4        EV:  6    Int:  5    God:
Gold:   132        SH:  0    Dex: 10    Spells: 0 memorised, 4 levels left

rFire  . . .     SeeInvis .     a - +0 war axe
rCold  + . .     Gourm    .     k - +0 plate armour
rNeg   + + +     Faith    .     (no shield)
rPois  ∞         Spirit   .     c - +0 helmet
rElec  .         Dismiss  .     (no cloak)
rCorr  .         Reflect  .     (no gloves)
SustAt .         Harm     .     i - +0 pair of boots
MR     .....                    (no amulet)
Stlth  ..........               (no ring)
                                o - +2 ring of intelligence

@: rotting, not resistant to hostile enchantments, extremely unstealthy
A: rotting body, claws 1, carnivore 3, cold resistance 1, negative energy
resistance 3, slow regeneration 1, torment resistance, unbreathing
a: no special abilities


You were on level 3 of the Dungeon.
You were not hungry.

You visited 1 branch of the dungeon, and saw 3 of its levels.

You collected 132 gold pieces.

Notes
Turn   | Place    | Note
--------------------------------------------------------------
     0 | D:1      | magipi the Ghoul Gladiator began the quest for the Orb.
     0 | D:1      | Reached XP level 1. HP: 17/17 MP: 0/0
    21 | D:1      | Reached skill level 3 in Axes
    52 | D:1      | Reached XP level 2. HP: 23/23 MP: 1/1
   501 | D:2      | Reached XP level 3. HP: 25/29 MP: 2/2
   583 | D:2      | Found an opulent altar of Gozag.
   614 | D:2      | Reached XP level 4. HP: 29/36 MP: 3/3
   635 | D:1      | Reached skill level 4 in Axes
   943 | D:2      | Noticed Robin
   979 | D:2      | Reached XP level 5. HP: 37/40 MP: 4/4
  1071 | D:2      | Killed Robin
  1112 | D:2      | Found a sparkling altar of Nemelex Xobeh.
  1270 | D:3      | HP: 2/41 [something/puff of frost (6)]
  1279 | D:3      | Killed from afar by an orc wizard

Inventory:

Hand Weapons
 a - a +0 war axe (weapon)
Missiles
 d - 3 throwing nets (quivered)
 r - 8 poisoned needles
Armour
 c - a +0 helmet (worn)
 i - a +0 pair of boots (worn)
 k - a +0 plate armour (worn)
 m - a +1 leather armour of magic resistance
Jewellery
 o - a +2 ring of intelligence (left claw)
Scrolls
 b - a scroll of teleportation {unknown}
 e - 3 scrolls of identify {unknown}
 g - 2 scrolls of magic mapping {unknown}
 j - a scroll of enchant weapon {unknown}
 p - 3 scrolls of remove curse {unknown}
 q - 2 scrolls of enchant armour {unknown}
Potions
 l - a potion of degeneration {unknown}
 s - 2 potions of ambrosia {unknown}
 t - a potion of mutation {unknown}
Comestibles
 f - a meat ration
 n - 3 chunks of flesh


   Skills:
 - Level 2.1 Fighting
 * Level 4.6 Axes
 + Level 3.1 Throwing
 - Level 2.6 Dodging


You had 4 spell levels left.
You didn't know any spells.

Dungeon Overview and Level Annotations

Branches:
Dungeon (3/15)

Altars:
Gozag
Nemelex Xobeh


Innate Abilities, Weirdness & Mutations

Your body is rotting away.
You thrive on raw meat.
You are immune to poison.
You have sharp fingernails.
You are carnivorous and can eat meat at any time.
Your flesh is cold resistant.
You are immune to negative energy.
You regenerate slowly when monsters are visible.
You are immune to unholy pain and torment.
You can survive without breathing.

Vault maps used:
D:1:      saegor_arrival_simple_c
D:2:      nicolae_gozag_seed_capital, first_bread, nemelex_spade_bored_becter,
          uniq_robin
D:3:      gammafunk_temple_overflow_forgotten, ecumenical_altar_1,
          grunt_ministairs_5, kennysheep_nondescript, uniq_crazy_yiuf_cottage


Message History

The orc wizard hits you but does no damage.
You hit the orc wizard.
The orc wizard is almost dead.
The orc wizard points at you and mumbles some strange words.
The puff of frost hits you! You resist.
You barely miss the orc wizard.
The orc wizard is almost dead.
The orc wizard gestures wildly while chanting.
The orc wizard flickers and vanishes!
Deactivating autopickup; reactivate with Ctrl-A.
An orc comes into view. It is wielding a dagger.
You closely miss something. Something hits you but does no damage.
You closely miss something. Something hits you but does no damage.
You miss something. Something hits you but does no damage.
You closely miss something.
The orc wizard shouts!
You hear some strange, mumbled words.
A puff of flame appears from out of thin air!
The puff of flame hits you!
The orc wizard mumbles some strange words.
The orc wizard flickers and vanishes!
Something hits you.
Unknown command.
Your plate armour prevents you from hitting something.
You hear some strange, mumbled words.
A puff of flame appears from out of thin air!
The puff of flame hits you!
* * * LOW HITPOINT WARNING * * *
The orc hits you with a dagger.
* * * LOW HITPOINT WARNING * * *
You closely miss the orc. You miss something.
Something hits you but does no damage. The orc closely misses you.
You hear some strange, mumbled words.
Unknown command.
You hit the orc.
The orc is severely wounded.
You closely miss something. Something hits you but does no damage.
The orc closely misses you.
Unknown command.
You hit the orc but do no damage.
The orc is severely wounded.
You miss something.
You hear some strange, mumbled words.
The orc barely misses you. Something hits you but does no damage.
The orc barely misses you.
Unknown command.
Your plate armour prevents you from hitting the orc.
The orc is severely wounded.
You miss something. Something hits you.
* * * LOW HITPOINT WARNING * * *
The orc closely misses you.
You hear some strange, mumbled words.
A puff of frost appears from out of thin air!
The puff of frost hits you! You resist.
* * * LOW HITPOINT WARNING * * *
You slash the orc!
You kill the orc!
You closely miss something.
You hear some strange, mumbled words.
A puff of flame appears from out of thin air!
The puff of flame hits you! Something hits you but does no damage.
Unknown command.
Drink which item? (? for menu, Esc to quit)
You feel much better. Something hits you but does no damage.
You hear some strange, mumbled words.
A puff of flame appears from out of thin air!
The puff of flame misses you. Something hits you.
Something hits you but does no damage.
Unknown command.
You miss something. You closely miss something.
Something hits you but does no damage. x4
You closely miss something. x2; Something hits you.
You hear some strange, mumbled words.
A puff of flame appears from out of thin air!
The puff of flame hits you! Something hits you but does no damage.
You hear some strange, mumbled words.
A magic dart appears from out of thin air!
The magic dart hits you!
Some of the chunks of flesh in your inventory have rotted away.
You barely miss something. You hit something. Something hits you.
You hear some strange, mumbled words.
A puff of flame appears from out of thin air!
The puff of flame hits you!
* * * LOW HITPOINT WARNING * * *
Something hits you.
* * * LOW HITPOINT WARNING * * *
You hear some strange, mumbled words.
A magic dart appears from out of thin air!
The magic dart hits you!
You hear some strange, mumbled words.
A puff of flame appears from out of thin air!
The puff of flame hits something.
You hear some strange, mumbled words.
A puff of flame appears from out of thin air!
The puff of flame hits you!
A puff of flame appears from out of thin air!
The puff of flame hits you!
* * * LOW HITPOINT WARNING * * *
You hear some strange, mumbled words.
A puff of flame appears from out of thin air!
The puff of flame hits you!
You die...

..........#
.......>..#
........#
......#
###...#
##<##.#
#...#.#
#.♣.#.#
#..@#.#
##.##.#
#######{##)#
##...##...#)#
#<.♣....♣.')#
##...##(..###
#######.##
##)## #...#


There were no monsters in sight!

Vanquished Creatures
  Robin (D:2)
  4 gnolls
  4 adders
  An ooze (D:2)
  A worm (D:2)
  A dart slug (D:1)
  A giant gecko (D:2)
  2 orcs (D:3)
  3 bats
  2 giant cockroaches
  13 goblins
  11 hobgoblins
  4 jackals
  3 kobolds
  6 rats
57 creatures vanquished.

Action                   |  1- 3 |  4- 6 || total
-------------------------+-------+-------++-------
Melee: War axe           |   104 |   141 ||   245
Throw: Throwing net      |     1 |     2 ||     3
  Use: Potion            |     1 |     1 ||     2
  Eat: Chunk             |    14 |    10 ||    24
Armor: Leather armour    |     9 |       ||     9
       Plate armour      |    68 |   105 ||   173
Dodge: Dodged            |    35 |    41 ||    76

Action                   |  1- 3 |  4- 6 || total
-------------------------+-------+-------++-------
Melee: War axe           |   104 |   141 ||   245
Throw: Throwing net      |     1 |     2 ||     3
  Use: Potion            |     1 |     1 ||     2
  Eat: Chunk             |    14 |    10 ||    24
Armor: Leather armour    |     9 |       ||     9
       Plate armour      |    68 |   105 ||   173
Dodge: Dodged            |    35 |    41 ||    76
